AoeStats
← HR nomadplayer

Black Forest

509010310Analyzed
4v4 RM · 6d ago on Sep 25, 2026· 23m 31s· 8 players
Game mode
Random Map
Map size
Large (8 player)
Population
200
Speed
Normal
Resources
Standard
Victory
Conquest
Starting age
Dark Age
Ending age
Imperial Age
RankedLock teamsTeams togetherTeam positionsShared explorationLock speedFull tech treeHidden civsTurbo modeCheats
Victory
Defeat
🇺🇸 Hindustanis · United States
1817
+11
🇪🇨 Turks · Ecuador
1817
+11
🇦🇺 Chinese · Australia
1762
+13
🇹🇷 Persians · Türkiye
1674
+17
🇨🇱 Bulgarians · Chile
1883
-20
🇨🇱 Khmer · Chile
1781
-16
🇵🇪 Poles · Peru
1574
-8
🇵🇪 Burgundians · Peru
1558
-8
heybrowazzup
6:49 Loom
10:07 Feudal Age
12:23 Double-Bit Axe
14:56 Castle Age
13:06 Horse Collar
15:49 Wheelbarrow
15:34 Bow Saw
17:23 Loom
19:04 Loom
19:10 Fishing Lines
tsoul
8:48 Feudal Age
9:05 Loom
12:26 Fletching
15:24 Double-Bit Axe
23:23 Castle Age
21:31 Gold Mining
21:49 Fishing Lines
24:11 Scale Barding Armor
Eärnur
11:58 Feudal Age
16:07 Castle Age
14:25 Loom
14:56 Gold Mining
15:04 Double-Bit Axe
17:13 Bow Saw
20:06 Horse Collar
20:17 Stone Mining
23:23 Heavy Plow
23:59 Wheelbarrow
Kaydos
0:29 Loom
8:46 Feudal Age
8:58 Man-at-Arms
15:12 Double-Bit Axe
17:40 Fishing Lines
19:17 Fletching
25:27 Castle Age
HR nomadplayer
10:47 Feudal Age
11:18 Fishing Lines
11:23 Double-Bit Axe
13:10 Loom
17:02 Town Watch
20:25 Castle Age
19:37 Scale Barding Armor
20:08 Gold Mining
20:57 Bloodlines
21:26 Forging
21:54 Husbandry
DarkWolf110722
0:26 Loom
10:59 Feudal Age
11:05 Man-at-Arms
16:21 Double-Bit Axe
22:26 Castle Age
20:54 Stone Mining
neromelnick
11:19 Feudal Age
11:45 Loom
14:42 Castle Age
13:41 Double-Bit Axe
13:37 Horse Collar
16:30 Horse Collar
16:41 Fishing Lines
19:40 Bow Saw
23:50 Wheelbarrow
The_Night_Wolf
0:34 Loom
11:11 Feudal Age
13:45 Double-Bit Axe
20:02 Scale Barding Armor
Connection lost

Rejoining the realm…

Still unreachable

The connection could not be restored.

Session expired

The server has moved on; the page needs a fresh start.